 Dungeon Crawl Stone Soup version 0.19.5 (webtiles) character file.

135 IcySystem the Sneak (level 4, -6/22 HPs)
             Began as a Spriggan Enchanter on May 24, 2017.
             Killed from afar by an orc wizard (10 damage)
             ... with a magic dart
             ... on level 2 of the Dungeon.
             The game lasted 00:08:54 (2602 turns).

IcySystem the Sneak (Spriggan Enchanter)            Turns: 2602, Time: 00:08:54

Health: -6/22      AC:  3    Str:  4    XL:     4   Next: 97%
Magic:  9/9        EV: 17    Int: 16    God:
Gold:   128        SH:  5    Dex: 17    Spells: 1 memorised, 7 levels left

rFire  . . .     SeeInvis +     q - -1 dagger (curse)
rCold  . . .     Gourm    .     b - +1 robe
rNeg   . . .     Faith    .     i - +0 buckler
rPois  .         Spirit   .     (helmet restricted)
rElec  .         Reflect  .     (no cloak)
rCorr  .         Harm     .     (gloves unavailable)
MR     .....                    (boots unavailable)
Stlth  +++.......               (no amulet)
                                (no ring)
                                (no ring)

@: slowed, quick
A: unfitting armour, see invisible, herbivore 3, speed 3, slow metabolism 2
a: no special abilities


You were on level 2 of the Dungeon.
You were not hungry.

You visited 1 branch of the dungeon, and saw 3 of its levels.

You collected 128 gold pieces.

Inventory:

Hand Weapons
 a - a +1 dagger
 g - a +2 dagger of electrocution
 o - a +2 antimagic dagger
 p - a +2 dagger of holy wrath
 q - a cursed -1 dagger (weapon)
Missiles
 k - 28 arrows
 n - a throwing net (quivered)
Armour
 b - a +1 robe (worn)
 i - a +0 buckler (worn)
Scrolls
 e - a scroll of enchant weapon {unknown}
 l - a scroll of teleportation {unknown}
 r - a scroll of noise {unknown}
 s - 2 scrolls of remove curse {unknown}
 u - 2 scrolls of identify {unknown}
Potions
 f - 2 potions of curing {unknown}
 j - a potion of ambrosia {unknown}
 m - 3 potions of degeneration {unknown}
 t - a potion of mutation {unknown}
 v - a potion of magic {unknown}
 w - a potion of heal wounds {unknown}
Books
 c - a book of Maledictions

   Spells                             Type                      Level
   a - Corona                         Hexes                        1
   b - Ensorcelled Hibernation        Hexes/Ice                    2
   c - Confuse                        Hexes                        3
   d - Tukima's Dance                 Hexes                        3
   e - Dazzling Spray                 Conjuration/Hexes            3
Comestibles
 d - 2 bread rations
 h - a royal jelly


   Skills:
 + Level 1.4 Fighting
 * Level 3.5 Short Blades
 - Level 3.0 Dodging
 * Level 6.3 Stealth
 - Level 2.6 Spellcasting
 - Level 3.6 Hexes


You had 7 spell levels left.
You knew the following spells:

 Your Spells              Type           Power        Failure   Level  Hunger
a - Corona                Hex            ##.....      10%         1    #......


Dungeon Overview and Level Annotations

Branches:
Dungeon (3/15)

Altars:
Hepliaklqana
Sif Muna
The Shining One


Innate Abilities, Weirdness & Mutations

You are very small and have problems with some larger weapons.
You are too small for most types of armour.
You have supernaturally acute eyesight. (SInv)
You are a herbivore.
You cover ground extremely quickly.
You need consume almost no food.


Message History

The orc wizard barely misses you.
You are too injured to fight recklessly!
You are too injured to fight recklessly!
You are too injured to fight recklessly!
You are too injured to fight recklessly!
You hit the orc wizard but do no damage.
The orc wizard completely misses you.
You closely miss the orc wizard. The orc wizard closely misses you.
You closely miss the orc wizard. The orc wizard misses you.
The orc wizard casts a spell.
The orc wizard seems to speed up.
You barely miss the orc wizard. The orc wizard casts a spell at you.
You easily resist.
The orc wizard casts a spell.
The orc wizard blinks!
You closely miss the orc wizard.
The orc wizard gestures at you while chanting.
The magic dart hits you!
You die...

#
##.#.#.###.........#
#.._..# #>###.###.#
###.### #.# #.# #.#
#.# #.# #.# #.#
####### #.# #.# #.#
#.# ......###.## #.#
#.# #.#
#####.##...####.# #.#
#.#
#......†.##.###.###.#
####.....##.@o......#
##.#..######.#####
#.#.........#
#.##.######## #.##.#
#....# ######


You could see an orc wizard.

Vanquished Creatures
  Ijyb (D:2)
  Robin (D:2)
  An adder (D:2)
  2 oozes (D:1)
  3 worms (D:2)
  A dart slug (D:2)
  A leopard gecko (D:1)
  An orc (D:2)
  A ball python (D:1)
  7 bats
  4 giant cockroaches
  18 goblins
  9 hobgoblins
  4 kobolds
  A quokka (D:2)
  4 frilled lizards
  10 rats
69 creatures vanquished.

Notes
Turn   | Place    | Note
-------+----------+-------------------------------------------
     0 | D:1      | IcySystem the Spriggan Enchanter began the quest for the Orb.
     0 | D:1      | Reached XP level 1. HP: 9/9 MP: 5/5
    41 | D:1      | Reached XP level 2. HP: 12/13 MP: 6/6
    72 | D:1      | Reached skill level 5 in Stealth
   396 | D:1      | Reached XP level 3. HP: 16/16 MP: 8/8
   716 | D:2      | Noticed Ijyb
   734 | D:2      | Killed Ijyb
   898 | D:2      | Reached skill level 1 in Fighting
   898 | D:2      | Reached XP level 4. HP: 21/22 MP: 9/9
   999 | D:2      | Reached skill level 6 in Stealth
  1198 | D:2      | Found a glowing golden altar of the Shining One.
  1217 | D:2      | Noticed Robin
  1269 | D:2      | Killed Robin
  2248 | D:2      | Found a hazy altar of Hepliaklqana.
  2357 | D:3      | Found a deep blue altar of Sif Muna.
  2602 | D:2      | Killed from afar by an orc wizard

Skill      XL: |  1  2  3  4 |
---------------+-------------+-----
Stealth        | 5 6 |  6.3
Short Blades   | 2 3 |  3.5
Fighting       | 1 |  1.4
Dodging        | |  3.0
Spellcasting   | |  2.6
Hexes          | |  3.6

Action                   |  1- 3 |  4- 6 || total
-------------------------+-------+-------++-------
Melee: Dagger            |    75 |   126 ||   201
 Cast: Corona            |     1 |       ||     1
 Stab: Distracted        |     1 |       ||     1
       Sleeping          |    11 |    10 ||    21
Armor: Robe              |    17 |     9 ||    26
Dodge: Dodged            |    54 |    63 ||   117
Block: Buckler           |     4 |    18 ||    22
